 Dungeon Crawl Stone Soup version 0.29.1-14-g9c671dbff4 (webtiles) character file.

Game seed: 14436746606576016945

117671 sankara the Black Belt (level 16, -1/138 (146) HPs)
             Began as a Minotaur Monk on Feb 12, 2023.
             Was a High Priest of Okawaru.
             Slain by a demonic crawler (4 damage)
             ... on level 2 of the Spider Nest.
             The game lasted 02:15:38 (32649 turns).

sankara the Black Belt (Minotaur Monk)             Turns: 32649, Time: 02:15:39

HP:   -1/138 (146)  AC: 30    Str: 16    XL:     16   Next: 23%
MP:   11/20         EV: 12    Int: 14    God:    Okawaru [*****.]
Gold: 845           SH:  9    Dex: 17    Spells: 6/15 levels left

rFire   . . .      SeeInvis +     - Unarmed
rCold   . . .      Faith    .   O - +3 buckler of Vorhypo {Int+3}
rNeg    . . .      Spirit   .   Q - +8 chain mail of Magic {Slay+3}
rPois   .          Reflect  .   v - +2 hat {SInv}
rElec   .          Harm     .   G - +1 cloak
rCorr   .          Rampage  .   K - +0 pair of gloves
Will    ++...      Clarity  +   x - +0 pair of boots
Stlth   .......... Rnd*Tele +   l - amulet of regeneration
HPRegen 1.13/turn               b - ring of willpower
MPRegen 0.17/turn               w - +4 ring of protection

@: finesse-ful, drained
A: horns 2, retaliatory headbutt, iridescent scales 1, clarity, deformed body,
teleportitis 1, MP-powered wands
a: Renounce Religion, Heroism, Finesse, Duel


You were on level 2 of the Spider Nest.
You worshipped Okawaru.
Okawaru was extremely pleased with you.
You visited 5 branches of the dungeon, and saw 25 of its levels.
You visited the Abyss 1 time.
You also visited: Volcano.

You collected 2656 gold pieces.
You spent 1811 gold pieces at shops.

Inventory:

Missiles
 d - 5 javelins
 o - 6 atropa-tipped darts
 p - 3 boomerangs of dispersal
 u - 12 boomerangs
 E - 35 poisoned darts (quivered)
 F - 6 curare-tipped darts
 R - a throwing net
Armour
 i - the +1 chain mail "Gaissesm" {+Inv rC+ rCorr Slay+2}
   (Okawaru gifted it to you on level 1 of the Spider Nest)

   Slay:      It affects your accuracy & damage with ranged weapons and melee
   (+2).
   rC:        It protects you from cold.
   +Inv:      It lets you turn invisible.
   rCorr:     It protects you from acid and corrosion.
 v - a +2 hat of see invisible (worn)
 x - a +0 pair of boots (worn)
 z - the +6 ring mail "Kanamot" {rN+}
   (You found it on level 3 of the Dungeon)

   rN:        It protects you from negative energy.
 G - a +1 cloak (worn)
 K - a +0 pair of gloves (worn)
 O - the +3 buckler of Vorhypo (worn) {Int+3}
   (Okawaru gifted it to you on level 12 of the Dungeon)

   Int:       It affects your intelligence (+3).
 Q - the +8 chain mail of Magic (worn) {Slay+3}
   (You bought it in a shop on level 2 of the Orcish Mines)

   Slay:      It affects your accuracy & damage with ranged weapons and melee
   (+3).
Jewellery
 a - a ring of poison resistance
 b - a ring of willpower (left hand)
 l - an amulet of regeneration (around neck)
 w - a +4 ring of protection (right hand)
 H - a ring of positive energy
Wands
 c - a wand of digging (3)
 C - a wand of paralysis (16)
 L - a wand of mindburst (15)
 M - a wand of iceblast (10)
 N - a wand of flame (48)
 X - a wand of acid (5)
Scrolls
 e - 5 scrolls of identify
 y - 2 scrolls of magic mapping
 A - a scroll of amnesia
 J - a scroll of silence
Potions
 f - a potion of invisibility
 g - a potion of brilliance
 h - 4 potions of resistance
 j - 3 potions of heal wounds
 k - 3 potions of flight
 q - 3 potions of might
 r - 8 potions of curing
 t - 6 potions of haste
 I - 2 potions of cancellation
 P - a potion of lignification


   Skills:
 - Level 14.0 Fighting
 - Level 8.5 Throwing
 - Level 14.0 Armour
 - Level 11.0 Dodging
 - Level 1.5 Stealth
 - Level 5.0 Shields
 - Level 16.0 Unarmed Combat
 + Level 11.8 Transmutations
 - Level 7.0 Invocations
 - Level 3.0 Evocations


You had 6 spell levels left.
You knew the following spells:

 Your Spells              Type           Power      Damage    Failure   Level
a - Wereblood             Tmut           33%        N/A       3%          2
b - Passwall              Tmut/Erth      13%        N/A       38%         2
c - Blade Hands           Tmut           16%        N/A       54%         5

Your spell library contained the following spells:

 Spells                   Type           Power      Damage    Failure   Level
 Ignite Poison            Fire/Tmut/Pois 11%        N/A       88%         3
 Petrify                  Tmut/Erth      16%        N/A       95%         4
 Apportation              Tloc           0%         N/A       97%         1
 Foxfire                  Conj/Fire      0%         2x1d4     97%         1
 Necrotise                Necr           0%         1d4       97%         1
 Sandblast                Erth           0%         2d4       97%         1
 Sublimation of Blood     Necr           0%         N/A       99%         2
 Conjure Flame            Conj/Fire      0%         6-21      100%        3
 Inner Flame              Hex/Fire       0%         N/A       100%        3
 Portal Projectile        Hex/Tloc       0%         N/A       100%        3
 Stone Arrow              Conj/Erth      0%         3d7       100%        3
 Flame Wave               Conj/Fire      0%         2d4       100%        4
 Olgreb's Toxic Radiance  Pois           0%         N/A       100%        4
 Sticky Flame             Conj/Fire      0%         2d3       100%        4
 Freezing Cloud           Conj/Ice/Air   0%         6-21      100%        5
 Irradiate                Conj/Tmut      8%         3d14      100%        5
 Eringya's Noxious Bog    Tmut/Pois      8%         N/A       100%        6
 Ozocubu's Refrigeration  Ice            0%         4d7       100%        7
 Storm Form               Tmut/Air       8%         N/A       100%        7
 Ignition                 Fire           0%         3d3       100%        8
 Maxwell's Capacitive Co  Air            0%         āˆž       100%        8
 Polar Vortex             Ice            0%         N/A       100%        9
 Summon Small Mammal      Summ           Unusable   N/A       N/A         1
 Tukima's Dance           Hex            Unusable   N/A       N/A         3
 Summon Lightning Spire   Summ/Air       Unusable   N/A       N/A         4
 Summon Forest            Summ/Tloc      Unusable   N/A       N/A         5
 Simulacrum               Ice/Necr       Unusable   N/A       N/A         6
 Summon Hydra             Summ           Unusable   N/A       N/A         7

Dungeon Overview and Level Annotations

Branches:
Dungeon (15/15)            Temple (1/1) D:6            Lair (5/5) D:11
 Shoals (0/4) Lair:3       Spider (2/4) Lair:3        Slime (0/5) Lair:4
    Orc (2/2) D:10            Elf (0/3) Orc:2        Vaults (0/5) D:14
 Depths (0/4) D:15        Volcano (visited)

Altars:
Ashenzari
Cheibriados
Dithmenos
Elyvilon
Fedhas
Gozag
Hepliaklqana
Kikubaaqudgha
Makhleb
Nemelex Xobeh
Okawaru
Qazlal
Ru
Sif Muna
Trog
Uskayaw
Vehumet
Wu Jian
Xom
Yredelemnul
Zin
The Shining One

Shops:
D:10 ?   Orc:1 :   Orc:2 *[:(

Portals:
Trove: D:10 (give 9 potions of haste)

Annotations:
D:2 Sigmund
D:4 exclusion: statue


Innate Abilities, Weirdness & Mutations

You have a pair of horns on your head.
You reflexively headbutt those who attack you in melee.
You are partially covered in iridescent scales. (AC +2)
You possess an exceptional clarity of mind.
Armour fits poorly on your strangely shaped body.
You are occasionally teleported next to monsters.
You expend magic power (3 MP) to strengthen your wands.


Message History

The demonic crawler hits you but does no damage.
You block the demonic crawler's attack.
The demonic crawler hits you but does no damage.
The meliai hits you but does no damage.
The meliai stings you but does no damage.
You feel better. You block the meliai's attack.
The meliai completely misses you. The meliai barely misses you.
You block the meliai's attack.
The jumping spider leaps!
The redback bites you but does no damage.
The demonic crawler hits you.
* * * LOW HITPOINT WARNING * * *
The demonic crawler hits you but does no damage. x2
The meliai hits you with a +0 war axe!
* * * LOW HITPOINT WARNING * * *
The meliai misses you. The meliai hits you but does no damage.
The meliai barely misses you.
Unknown command.
Okay, then.
Okay, then.
You punch the meliai!
You kill the meliai!
Okawaru accepts your kill. The redback misses you.
The demonic crawler hits you.
* * * LOW HITPOINT WARNING * * *
You block the demonic crawler's attack. x2
Unknown command.
You block the meliai's attack. x2; Cornered, the meliai turns to fight!
Cornered, the redback turns to fight!
The meliai closely misses you. x2
The demonic crawler hits you but does no damage.
The demonic crawler barely misses you.
The demonic crawler hits you but does no damage.
The meliai mumbles some strange prayers to its god against you.
Something smites you!
* * * LOW HITPOINT WARNING * * *
The meliai hits you but does no damage. The meliai completely misses you.
The jumping spider pounces on you but does no damage.
The jumping spider bites you but does no damage.
The redback splashes around in the water.
The demonic crawler hits you.
You die...

### #ā‰ˆ~
##sy
#...####
#....~~#
......#sy##
...#.
#@sā‰ˆ# .
#...s.###
#^.#.... #.
#.....# $
..#..##.
.#.... .. .
.#... .. .
..#. .#


You could see a demonic crawler, a jumping spider, 2 redbacks and 2 meliai.

Vanquished Creatures
  Rupert (D:15)
  A lich (Abyss:2)
  Frances (D:14)
  An emperor scorpion (Spider:1)
  An orc warlord (Orc:1)
  4 broodmothers (Spider:1)
  2 entropy weavers (Spider:1)
  A dire elephant (Lair:5)
  A bunyip (Abyss:2)
  Josephine (Lair:5)
  An ettin (Orc:1)
  A fire dragon (D:14)
  Erolcha (D:13)
  Fannar (D:12)
  A spriggan zombie (D:15)
  3 hydras
  A quicksilver dragon skeleton (D:15)
  An ogre mage (D:14)
  Harold (Orc:1)
  5 two-headed ogres
  A jorogumo (Spider:1)
  A boulder beetle (D:14)
  A death knight (D:13)
  4 centaur warriors
  11 death yaks
  5 catoblepae
  An orc high priest (Orc:2)
  A vampire mage (D:15)
  Urug (D:12)
  3 skeletal warriors
  Amaemon (Lair:1)
  A shadow wraith (Abyss:2)
  3 steelbarb worms (Spider:1)
  2 pharaoh ants
  A golden dragon zombie (D:15)
  A wizard (D:15)
  5 orb spiders (Spider:1)
  A deep elf archer (Volcano)
  5 orc knights
  A necromancer (D:15)
  6 orc sorcerers
  13 ugly things
  4 wolf spiders (Spider:1)
  9 deep elf pyromancers (Volcano)
  7 manticores
  5 cyclopes
  5 elephants (Lair:5)
  2 black mambas
  4 centaur skeletons (D:14)
  A cane toad (shapeshifter) (D:12)
  2 torpor snails (Spider:1)
  An apocalypse crab (Abyss:2)
  7 cane toads
  A gargoyle (D:9)
  An orange demon (Lair:1)
  4 rime drakes
  3 yaktaurs (D:14)
  5 kobold demonologists
  3 demonic crawlers
  2 efreet (D:14)
  6 komodo dragons
  A freezing wraith (D:13)
  8 trolls
  A meliai (Spider:2)
  9 tarantellas (Spider:1)
  A wind drake (Lair:3)
  Grinder (D:3)
  12 blink frogs
  13 slime creatures
  4 culicivoras
  5 jumping spiders (Spider:1)
  3 basilisks
  12 wraiths
  66 yaks
  4 shadows
  5 wyverns
  A fire elemental (Volcano)
  A human (D:8)
  13 redbacks
  A steam dragon (D:9)
  5 wargs (Orc:1)
  Menkaure (D:6)
  3 acid dragons
  9 hell hounds (Volcano)
  12 water moccasins
  Duvessa (D:6)
  A human skeleton (D:15)
  An ice beast (D:6)
  8 black bears
  21 orc warriors
  8 ogres
  16 wolves
  A boggart (D:14)
  2 phantoms
  2 centaurs
  10 kobold brigands
  15 bullfrogs
  3 scorpions
  3 necrophages
  2 gnoll sergeants
  10 wights
  Dowan (D:6)
  3 killer bees (D:8)
  5 howler monkeys
  An electric eel (Lair:4)
  4 hounds
  Crazy Yiuf (D:7)
  19 orc priests
  3 jellies
  A gnoll bouda (D:7)
  Terence (D:3)
  3 iguanas
  Natasha (thrice) (D:3)
  24 orc wizards
  8 ogre zombies (D:10)
  Robin (D:2)
  18 gnolls
  11 adders
  A white imp (D:6)
  3 ufetubi
  2 dart slugs (D:3)
  70 orcs
  6 ball pythons
  3 bats
  6 endoplasms
  5 giant cockroaches
  14 goblins
  12 hobgoblins
  5 jackals
  A quokka (D:1)
  4 frilled lizards
  3 goblin skeletons (D:10)
  4 goblin zombies (D:10)
  A hobgoblin skeleton (D:10)
  2 hobgoblin zombies (D:10)
  22 kobolds
  An orc skeleton (D:10)
  14 orc zombies (D:10)
  3 rats (D:1)
755 creatures vanquished.

Vanquished Creatures (others)
  An orc wizard (Orc:2)
  36 fungi
  53 plants
  A withered plant (D:15)
91 creatures vanquished.

Grand Total: 846 creatures vanquished

Notes
Turn   | Place    | Note
-------+----------+-------------------------------------------
     0 | D:1      | sankara the Minotaur Monk began the quest for the Orb.
     0 | D:1      | Reached XP level 1. HP: 19/19 MP: 0/0
   131 | D:1      | Found a faded altar of an unknown god.
   230 | D:1      | Reached XP level 2. HP: 22/27 MP: 1/1
   432 | D:1      | Reached skill level 1 in Armour
  1213 | D:2      | Reached skill level 4 in Unarmed Combat
  1213 | D:2      | Reached XP level 3. HP: 13/33 MP: 2/2
  1409 | D:2      | Noticed Robin
  1423 | D:2      | Killed Robin
  1894 | D:2      | Reached XP level 4. HP: 26/40 MP: 3/3
  2092 | D:2      | Noticed Sigmund
  2767 | D:3      | Identified the +6 ring mail "Kanamot" {rN+}
  2838 | D:3      | Noticed Natasha
  2848 | D:3      | Killed Natasha
  2849 | D:3      | Reached XP level 5. HP: 47/47 MP: 4/4
  2883 | D:3      | Noticed Natasha
  2890 | D:3      | Killed Natasha
  2924 | D:3      | Found a snail-covered altar of Cheibriados.
  2930 | D:3      | Reached skill level 5 in Unarmed Combat
  3069 | D:3      | Noticed Grinder
  3084 | D:3      | Killed Grinder
  3085 | D:3      | Reached skill level 5 in Fighting
  3085 | D:3      | Reached XP level 6. HP: 56/56 MP: 5/5
  3204 | D:3      | Noticed Natasha
  3212 | D:3      | Killed Natasha
  3296 | D:3      | Noticed Terence
  3311 | D:3      | Killed Terence
  3537 | D:3      | Reached skill level 6 in Unarmed Combat
  3703 | D:4      | Reached XP level 7. HP: 52/61 MP: 6/6
  3715 | D:4      | Reached skill level 5 in Dodging
  4322 | D:4      | Reached skill level 7 in Unarmed Combat
  4682 | D:4      | Found an iron altar of Okawaru.
  4733 | D:4      | Found a radiant altar of Vehumet.
  4764 | D:4      | Became a worshipper of Warmaster Okawaru
  4764 | D:4      | Reached * piety under Okawaru
  4764 | D:4      | Reached ** piety under Okawaru
  4902 | D:5      | Entered Level 5 of the Dungeon
  5013 | D:5      | Reached XP level 8. HP: 59/70 MP: 4/7
  5109 | D:5      | Reached skill level 5 in Armour
  5736 | D:6      | Noticed Menkaure
  5742 | D:6      | Killed Menkaure
  5743 | D:6      | Reached skill level 1 in Invocations
  5867 | D:6      | Reached skill level 8 in Unarmed Combat
  6026 | D:6      | Found a shadowy altar of Dithmenos.
  6503 | D:6      | Noticed Duvessa
  6507 | D:6      | Noticed Dowan
  6515 | D:6      | Killed Duvessa
  6520 | D:6      | Killed Dowan
  6520 | D:6      | Reached *** piety under Okawaru
  6558 | D:6      | Reached skill level 9 in Unarmed Combat
  6558 | D:6      | Reached XP level 9. HP: 75/79 MP: 10/10
  6910 | D:6      | Found a staircase to the Ecumenical Temple.
  7044 | D:6      | Found a hazy altar of Hepliaklqana.
  7080 | Temple   | Entered the Ecumenical Temple
  7364 | D:7      | Reached skill level 1 in Shields
  7412 | D:7      | Reached skill level 1 in Evocations
  7423 | D:7      | Identified the +10 hand axe "Afistrir" {freeze, Fly rN+
                  | Dex-2}
  7434 | D:7      | Reached **** piety under Okawaru
  7849 | D:7      | Found a shimmering blue altar of Sif Muna.
  8360 | D:7      | Found a runed translucent door.
  8361 | D:7      | Noticed Crazy Yiuf
  8432 | D:7      | Killed Crazy Yiuf
  8662 | D:8      | Found a burning altar of Makhleb.
  8685 | D:8      | Found a sacrificial altar of Ru.
  8887 | D:8      | Found a broken altar of Ashenzari.
  8992 | D:8      | Found a runed translucent door.
  8997 | D:8      | Found a basalt altar of Yredelemnul.
  9368 | D:8      | Reached skill level 10 in Unarmed Combat
  9368 | D:8      | Reached XP level 10. HP: 81/90 MP: 12/12
  9452 | D:9      | Noticed a gargoyle
  9458 | D:9      | Killed a gargoyle
  9528 | D:9      | Found a sparkling altar of Nemelex Xobeh.
  9899 | D:9      | Reached skill level 1 in Throwing
  9906 | D:9      | Reached ***** piety under Okawaru
  9917 | D:9      | Reached skill level 5 in Invocations
 10179 | D:9      | Found a shimmering altar of Xom.
 10356 | D:9      | Found an ancient bone altar of Kikubaaqudgha.
 10395 | D:10     | Entered Level 10 of the Dungeon
 10443 | D:10     | Reached skill level 5 in Shields
 10500 | D:10     | Received a gift from Okawaru
 10785 | D:10     | Found a staircase to the Orcish Mines.
 10792 | D:10     | Found a portal to a secret trove of treasure.
 11011 | D:10     | Found Wyiguir's Magic Scroll Shop.
 11186 | D:10     | Noticed a two-headed ogre
 11228 | D:10     | Killed a two-headed ogre
 11228 | D:10     | Received a gift from Okawaru
 11229 | D:10     | Reached skill level 11 in Unarmed Combat
 11229 | D:10     | Reached XP level 11. HP: 84/97 MP: 10/13
 11473 | D:11     | Noticed a green ugly thing
 11500 | D:10     | Killed a green ugly thing
 12268 | D:11     | Noticed a two-headed ogre
 12280 | D:11     | Killed a two-headed ogre
 12280 | D:11     | Received a gift from Okawaru
 12286 | D:11     | Reached skill level 10 in Fighting
 12291 | D:11     | Found a staircase to the Lair.
 12403 | D:11     | Noticed a sixfirhy
 12423 | D:11     | Reached skill level 12 in Unarmed Combat
 12427 | D:11     | Noticed a sun demon
 13045 | Lair:1   | Entered Level 1 of the Lair of Beasts
 13135 | Lair:1   | Noticed Amaemon
 13155 | Lair:1   | Killed Amaemon
 14435 | Lair:2   | Reached skill level 5 in Throwing
 14442 | Lair:2   | Received a gift from Okawaru
 14452 | Lair:2   | Reached skill level 10 in Armour
 14477 | Lair:2   | Reached XP level 12. HP: 96/108 MP: 14/14
 14571 | Lair:1   | Learned a level 2 spell: Wereblood
 15270 | Lair:2   | Reached skill level 13 in Unarmed Combat
 15275 | Lair:2   | Reached skill level 1 in Transmutations
 15958 | Lair:3   | Found a dark tunnel.
 15964 | Volcano  | Entered a volcano
 16646 | Lair:3   | Found a staircase to the Shoals.
 16752 | Lair:3   | Noticed a death yak
 16752 | Lair:3   | Noticed a death yak
 16753 | Lair:3   | Noticed a death yak
 16754 | Lair:3   | Noticed a death yak
 16771 | Lair:3   | Noticed a death yak
 16782 | Lair:3   | Killed a death yak
 16787 | Lair:3   | Noticed a death yak
 16806 | Lair:3   | Killed a death yak
 16807 | Lair:3   | Reached XP level 13. HP: 91/116 MP: 10/16
 16820 | Lair:3   | Reached skill level 14 in Unarmed Combat
 16823 | Lair:3   | Identified the +0 robe "Docviuxeqe" {Regen+ Int+3 Slay+2
                  | Archmagi} (Okawaru gifted it to you on level 3 of the Lair
                  | of Beasts)
 16823 | Lair:3   | Received a gift from Okawaru
 17578 | Lair:3   | Found a hole to the Spider Nest.
 19138 | Lair:4   | Found a staircase to the Slime Pits.
 19550 | Lair:5   | Entered Level 5 of the Lair of Beasts
 19574 | Lair:5   | Noticed Josephine
 19583 | Lair:5   | Killed Josephine
 20450 | Lair:5   | Noticed a dire elephant
 20477 | Lair:5   | Killed a dire elephant
 20477 | Lair:5   | Received a gift from Okawaru
 20742 | Lair:5   | Reached skill level 15 in Unarmed Combat
 21423 | Lair:5   | Reached XP level 14. HP: 85/127 MP: 18/18
 21592 | Lair:5   | Reached ****** piety under Okawaru
 21964 | Lair:5   | Received a gift from Okawaru
 21965 | Lair:5   | Reached skill level 10 in Dodging
 22064 | Lair:5   | Learned a level 2 spell: Passwall
 22443 | D:12     | Noticed Urug
 22466 | D:12     | Killed Urug
 22652 | D:12     | Noticed Fannar
 22664 | D:12     | Killed Fannar
 22795 | D:12     | Identified the +3 buckler of Vorhypo {Int+3} (Okawaru
                  | gifted it to you on level 12 of the Dungeon)
 22795 | D:12     | Received a gift from Okawaru
 23360 | Orc:1    | Entered Level 1 of the Orcish Mines
 23772 | Orc:1    | Noticed Harold
 23775 | Orc:1    | Reached skill level 5 in Transmutations
 23789 | Orc:1    | Killed Harold
 23926 | Orc:1    | Gained mutation: You have hidden genetic defects. [a
                  | neqoxec]
 23946 | D:10     | Lost mutation: You have hidden genetic defects. [potion of
                  | mutation]
 23946 | D:10     | Gained mutation: Your spells are a little harder to cast,
                  | but a little more powerful. [potion of mutation]
 23946 | D:10     | Gained mutation: You passively dampen the noise of your
                  | surroundings. [potion of mutation]
 23946 | D:10     | Gained mutation: You are dopey. (Int -2) [potion of
                  | mutation]
 24437 | Orc:1    | Found Muluf's Book Boutique.
 24445 | Orc:1    | Bought a book of Weapons for 336 gold pieces
 24451 | Orc:1    | Learned a level 5 spell: Blade Hands
 24881 | Orc:2    | Entered Level 2 of the Orcish Mines
 25011 | Orc:2    | Found a staircase to the Elven Halls.
 25467 | Orc:2    | Paralysed by an orc sorcerer for 5 turns
 25527 | Orc:2    | Noticed an orc warlord
 25755 | Orc:1    | Killed an orc warlord
 25756 | Orc:1    | Reached skill level 16 in Unarmed Combat
 26034 | Orc:2    | Found Jenak's Book Emporium.
 26046 | Orc:2    | Paralysed by an orc sorcerer for 2 turns
 26093 | Orc:2    | Found Ruygyr's Antique Weapon Emporium.
 26139 | Orc:2    | Found Qeziememn's General Store.
 26170 | Orc:2    | Found Weehong's Antique Armour Emporium.
 26176 | Orc:2    | Bought a pitted chain mail for 304 gold pieces
 26176 | Orc:2    | Identified the +8 chain mail of Magic {Slay+3} (You bought
                  | it in a shop on level 2 of the Orcish Mines)
 26188 | Orc:2    | Bought a fine plate armour for 896 gold pieces
 26188 | Orc:2    | Identified the +4 plate armour "Quguz" {rElec} (You bought
                  | it in a shop on level 2 of the Orcish Mines)
 26541 | Lair:1   | Lost mutation: You passively dampen the noise of your
                  | surroundings. [potion of mutation]
 26541 | Lair:1   | Lost mutation: Your spells are a little harder to cast, but
                  | a little more powerful. [potion of mutation]
 26541 | Lair:1   | Gained mutation: You are partially covered in iridescent
                  | scales. (AC +2) [potion of mutation]
 26541 | Lair:1   | Gained mutation: Potions are less effective at restoring
                  | your health. [potion of mutation]
 26541 | Lair:1   | Gained mutation: You are somewhat resistant to further
                  | mutation. [potion of mutation]
 26542 | Lair:1   | Lost mutation: You are somewhat resistant to further
                  | mutation. [potion of mutation]
 26542 | Lair:1   | Lost mutation: Potions are less effective at restoring your
                  | health. [potion of mutation]
 26542 | Lair:1   | Gained mutation: You are clumsy. (Dex -2) [potion of
                  | mutation]
 26542 | Lair:1   | Gained mutation: You occasionally lose the ability to read
                  | scrolls when taking damage. [potion of mutation]
 26542 | Lair:1   | Gained mutation: You possess an exceptional clarity of
                  | mind. [potion of mutation]
 26542 | Lair:1   | Gained mutation: You have sharp toenails. [potion of
                  | mutation]
 26587 | D:13     | Noticed Erolcha
 26589 | Abyss:2  | Cast into level 2 of the Abyss (Erolcha)
 26661 | Abyss:2  | Noticed a lich
 26676 | Abyss:2  | Killed a lich
 26724 | Abyss:2  | Received a gift from Okawaru
 26743 | D:13     | Escaped the Abyss
 27029 | Orc:2    | Bought a ring of willpower for 275 gold pieces
 27191 | D:13     | Killed Erolcha
 27411 | D:13     | Reached XP level 15. HP: 136/136 MP: 15/19
 27479 | D:13     | Identified the +6 hand crossbow of Disharmony {vorpal,
                  | rN+++} (Okawaru gifted it to you on level 13 of the
                  | Dungeon)
 27479 | D:13     | Received a gift from Okawaru
 27528 | D:13     | Lost mutation: You are clumsy. (Dex -2) [potion of
                  | mutation]
 27528 | D:13     | Lost mutation: You occasionally lose the ability to read
                  | scrolls when taking damage. [potion of mutation]
 27528 | D:13     | Gained mutation: You are clumsy. (Dex -2) [potion of
                  | mutation]
 27528 | D:13     | Gained mutation: Your system is resistant to poisons.
                  | (rPois) [potion of mutation]
 28727 | D:14     | Found a gate to the Vaults.
 29065 | D:14     | Identified the +9 quarterstaff of Nittaah {drain, rPois rC+
                  | Str+4} (Okawaru gifted it to you on level 14 of the
                  | Dungeon)
 29065 | D:14     | Received a gift from Okawaru
 29157 | D:14     | Noticed Frances
 29187 | D:14     | Killed Frances
 29305 | D:15     | Entered Level 15 of the Dungeon
 29700 | D:15     | Found a staircase to the Depths.
 29762 | D:15     | Received a gift from Okawaru
 29959 | D:15     | Identified the +0 ring mail of the New World {Will- Dex+7}
 30108 | D:15     | Noticed Rupert
 30527 | D:15     | Killed Rupert
 30877 | Spider:1 | Entered Level 1 of the Spider Nest
 30950 | Spider:1 | Reached skill level 10 in Transmutations
 31317 | Spider:1 | Identified the +1 chain mail "Gaissesm" {+Inv rC+ rCorr
                  | Slay+2} (Okawaru gifted it to you on level 1 of the Spider
                  | Nest)
 31317 | Spider:1 | Received a gift from Okawaru
 31319 | Spider:1 | Noticed an emperor scorpion
 31333 | Spider:1 | Killed an emperor scorpion
 31406 | Spider:1 | Reached XP level 16. HP: 114/146 MP: 20/20
 31596 | Spider:1 | Gained mutation: You are occasionally teleported next to
                  | monsters. [mutagenic glow]
 32226 | Lair:3   | Lost mutation: Your system is resistant to poisons. (rPois)
                  | [potion of mutation]
 32226 | Lair:3   | Lost mutation: You are clumsy. (Dex -2) [potion of
                  | mutation]
 32226 | Lair:3   | Gained mutation: You expend magic power (3 MP) to
                  | strengthen your wands. [potion of mutation]
 32226 | Lair:3   | Gained mutation: Armour fits poorly on your strangely
                  | shaped body. [potion of mutation]
 32286 | Lair:1   | Lost mutation: You have sharp toenails. [potion of
                  | mutation]
 32286 | Lair:1   | Lost mutation: You are dopey. (Int -2) [potion of mutation]
 32286 | Lair:1   | Lost mutation: Armour fits poorly on your strangely shaped
                  | body. [potion of mutation]
 32286 | Lair:1   | Gained mutation: Armour fits poorly on your strangely
                  | shaped body. [potion of mutation]
 32617 | Arena    | Entered the Arena
 32617 | Arena    | HP: 6/140 [pharaoh ant (13)]
 32643 | Spider:2 | HP: 1/138 [meliai/divine providence (8)]
 32649 | Spider:2 | HP: 3/138 [meliai/divine providence (10)]
 32649 | Spider:2 | Slain by a demonic crawler

Illustrated notes

Levels and vault maps discovered:
D:1:      dpeg_arrival_lava_temple_mockup, layout_basic,
          hellmonk_ecumenical_altar_slurped_away, minivault_24
D:2:      layout_loops_corners, grunt_decor_cap, grunt_ministairs_4,
          uniq_sigmund, uniq_robin
D:3:      layout_loops_ring, lemuel_crystal_altar, kennysheep_nub, uniq_terence,
          uniq_grinder, uniq_natasha
D:4:      layout_basic, okawaru_altar_gauntlet_db, vehumet_statue
D:5:      layout_cave_pools
D:6:      layout_basic, kennysheep_mini_moat, lemuel_tele_altar, temple_hall,
          uniq_duvessa, uniq_menkaure
D:7:      layout_basic, general_overflow_altar, dreamdust_gnoll_farm,
          uniq_crazy_yiuf_cottage
D:8:      layout_loops_ring, nicolae_ashenzari_panopticon,
          dk_yredelemnul_ordeal, mainiacjoe_overflow_big_doors
D:9:      layout_basic, nemelex_xobeh_ov_fountains_minmay,
          mainiacjoe_overflow_alcove_2, marbit_many_paths
D:10:     layout_basic, zombieorc2_lemuel, serial_shops, shop_statue,
          enter_trove_0, minivault_10
D:11:     layout_irregular_city, due_lair_maze_entry_diamond
D:12:     layout_loops_ring, uniq_urug, uniq_fannar
D:13:     layout_loops_ring, grunt_ministairs_2, uniq_erolcha
D:14:     layout_roguey, hangedman_vaults_entry_quadrant_bands, uniq_frances
D:15:     gammafunk_depths_entry_grave, layout_basic,
          nicolae_figureground_sparkle, uniq_rupert
Temple:   grunt_temple_mini_profane
Lair:1:   layout_layer_cave, uniq_amaemon
Lair:2:   layout_hall_layers, beast_lair_carwin_6
Lair:3:   layout_regular_city, minmay_shoals_entry_beasts,
          hellmonk_spider_entry_life_and_decay, nicolae_volcano_entry_hallway,
          grunt_megastairs_2
Lair:4:   layout_gridlike, dpeg_slime_entry_enclosed
Lair:5:   evilmike_catoblepas_cave, layout_regular_city, serial_bayou_shore_b,
          lemuel_fruit_fields, uniq_josephine
Spider:1: layout_spider_delve, nicolae_spider_claw_tunnel,
          hangedman_spider_tarantella_strand
Spider:2: layout_spider_delve
Orc:1:    cheibrodos_orc_guarddog, layout_diamond_mine, basic_altar,
          serial_shops, nicolae_diamond_shop, uniq_harold
Orc:2:    grunt_orc_cross, layout_caves, basic_altar

Skill      XL: |  1  2  3  4  5  6  7  8  9 10 11 12 13 14 15 16 |
---------------+-------------------------------------------------+-----
Armour         | 1 2 3 4 6 7 8 10 11 12 13 14 | 14.0
Fighting       | 4 5 6 7 8 9 10 11 12 13 14 | 14.0
Unarmed Combat | 4 5 6 7 9 10 11 12 13 15 16 | 16.0
Dodging        | 4 5 6 7 8 9 10 11 | 11.0
Invocations    | 2 4 5 6 7 |  7.0
Shields        | 3 5 |  5.0
Evocations     | 2 3 |  3.0
Throwing       | 3 5 6 7 8 |  8.5
Transmutations | 2 4 6 10 11 | 11.8
Stealth        | |  1.5

Action                   |  1- 3 |  4- 6 |  7- 9 | 10-12 | 13-15 | 16-18 || total
-------------------------+-------+-------+-------+-------+-------+-------++-------
Melee: Unarmed           |   102 |   112 |   372 |   731 |  1554 |   166 ||  3037
       Headbutt          |    19 |    21 |    82 |   192 |   460 |    47 ||   821
       Punch             |     2 |     5 |     7 |       |       |       ||    14
Throw: Dart              |       |       |       |    12 |    67 |       ||    79
       Boomerang         |       |       |       |       |    13 |       ||    13
 Cast: Wereblood         |       |       |       |       |    77 |     8 ||    85
       Blade Hands       |       |       |       |       |     3 |       ||     3
Invok: Heroism           |       |       |     9 |    14 |    21 |     4 ||    48
       Finesse           |       |       |       |     3 |     3 |     3 ||     9
       Duel              |       |       |       |       |       |     1 ||     1
Evoke: Wand              |       |       |       |       |     1 |       ||     1
  Use: Potion            |       |     1 |       |     3 |     4 |     7 ||    15
       Scroll            |       |       |       |    22 |     9 |     2 ||    33
 Stab: Sleeping          |     4 |       |     5 |     1 |     1 |       ||    11
       Petrified         |       |       |       |       |     5 |       ||     5
       Invisible         |       |       |       |       |       |     1 ||     1
Armor: Robe              |    14 |     2 |       |       |       |       ||    16
       Chain mail        |       |    38 |    74 |       |   383 |   186 ||   681
       Ring mail         |       |     5 |    65 |   194 |   285 |       ||   549
       Skin              |       |     1 |       |       |       |       ||     1
Dodge: Dodged            |    62 |    37 |   182 |   339 |   698 |   146 ||  1464
Block: Buckler           |       |       |    46 |   351 |   615 |   134 ||  1146
       Reflection        |       |       |     1 |     8 |     2 |       ||    11
